 Dungeon Crawl Stone Soup version 0.31-a0-150-g89dc3ad700 (webtiles) character file.

Game seed: 4382057471741363025

240 Ijustatesigmund the Stinger (level 6, -3/39 HPs)
             Began as an Octopode Venom Mage on June 8, 2023.
             Slain by a mummy (18 damage)
             ... in an ossuary.
             The game lasted 00:06:55 (4261 turns).

Ijustatesigmund the Stinger (Octopode Venom Mage)   Turns: 4261, Time: 00:06:55

Health: -3/39      AC:  1    Str:  7    XL:     6   Next: 8%
Magic:  19/19      EV: 13    Int: 19    God:
Gold:   144        SH:  0    Dex: 13    Spells: 1/11 levels left

rFire   . . .        b - +0 war axe (heavy)
rCold   . . .        (no shield)
rNeg    + . .        (helmet restricted)
rPois   .            (no amulet)
rElec   .            f - ring of magical power
rCorr   .            h - ring of positive energy
SInv    .            (no ring)
Will    .....        (no ring)
Stlth   +++          (no ring)
HPRegen 0.26/turn    (no ring)
MPRegen 0.16/turn    (no ring)
                     (no ring)

%: no passive effects
@: brilliant
A: almost no armour, amphibious, 8 rings, camouflage 1, gelatinous body 1,
(nimble swimmer 1), tentacles
a: no special abilities


You were in an ossuary.
You visited 1 branch of the dungeon, and saw 4 of its levels.
You also visited: Ossuary.

You collected 144 gold pieces.

Inventory:

Hand Weapons
 b - a +0 heavy war axe (weapon)
Jewellery
 e - a ring of resist corrosion
 f - a ring of magical power (left tentacle)
 h - a ring of positive energy (right tentacle)
Scrolls
 i - a scroll of teleportation
Potions
 a - a potion of magic
 c - 3 potions of curing
 d - 4 potions of enlightenment
 g - a potion of brilliance
 j - 2 potions of mutation {unknown}
 k - a potion of might {unknown}


   Skills:
 + Level 2.0 Fighting
 + Level 1.4 Axes
 - Level 2.0 Dodging
 - Level 2.6 Stealth
 - Level 3.1 Spellcasting
 - Level 1.9 Conjurations
 - Level 1.5 Transmutations
 - Level 2.0 Air Magic
 - Level 4.7 Poison Magic


You had one spell level left.
You knew the following spells:

 Your Spells              Type           Power      Damage    Failure   Level
a - Sting                 Tmut/Pois      88%        1d7       4%          1
b - Poisonous Vapours     Pois/Air       46%        N/A       6%          2
c - Mephitic Cloud        Conj/Pois/Air  20%        N/A       14%         3
d - Olgreb's Toxic Radia  Pois           31%        N/A       22%         4

Your spell library contained the following spells:

 Spells                   Type           Power      Damage    Failure   Level
 Freeze                   Ice            16%        1d4       16%         1
 Slow                     Hex            16%        N/A       16%         1
 Hailstorm                Conj/Ice       9%         3d4       30%         3
 Confusing Touch          Hex            4%         N/A       41%         3
 Frozen Ramparts          Ice            8%         1d2       41%         3
 Vampiric Draining        Necr           4%         2d6       41%         3


Dungeon Overview and Level Annotations

Branches:
Dungeon (4/15)            Ossuary (1/1)
 Temple: D:4-7

Altars:


Innate Abilities, Weirdness & Mutations

You cannot wear most types of armour.
You are amphibious.
You can wear up to eight rings at the same time.
Your skin changes colour to match your surroundings (Stealth+).
Your rubbery body absorbs attacks. (AC +1, EV +1)
((You are camouflaged when in or above water. (Stealth+)))
You have tentacles for arms and can constrict up to eight enemies at once.


Message History

No target in view!
No target in view!
No target in view!
No target in view!
No target in view!
No target in view!
No target in view!
No target in view!
No target in view!
There is an open door here.
You open the door. 3 mummies come into view.
Found a sapphire potion.
There is an open door here.
Found a purple potion and a potion of curing.
Found a potion of degeneration and a scroll of noise.
The mummy barely misses you. The mummy hits you!
You slash the mummy! Your grab misses the mummy. You squeeze the mummy.
The mummy is almost destroyed.
You barely miss the mummy. You completely miss the mummy.
The mummy closely misses you. The mummy barely misses you.
The mummy misses you.
You hit the mummy. You grab the mummy.
You squeeze the mummy, but do no damage.
The mummy is moderately damaged.
You hit the mummy. x2
You destroy the mummy!
You constrict the mummy, but do no damage.
The mummy hits you! The mummy hits you. The mummy misses you.
Your Fighting skill increases to level 2!
It was a potion of brilliance.
You feel clever all of a sudden.
You constrict the mummy. The mummy hits you!
* * * LOW HITPOINT WARNING * * *
You feel better.
You constrict the mummy. The mummy misses you. The mummy barely misses you.
You slash the mummy!
You destroy the mummy!
You barely miss the mummy. The mummy hits you!!
You die...

### ###.###
##!.!.!## #####
#....M!?# #...
#@# ... #.# #^#
###'### #.###
##.^^..## ##.'.#
##.......###..###
#.........#...'.#
+....⌠....'...###
#.........#...'.#
##.......###..###


You could see a mummy.

Vanquished Creatures
  A bullfrog (D:4)
  A centaur zombie (Ossuary)
  3 mummies (Ossuary)
  4 adders (D:2)
  An ufetubus (D:4)
  2 worms
  4 orcs
  12 bats
  5 endoplasms
  2 giant cockroaches
  5 hobgoblins
  5 quokkas
  5 ball pythons
  2 frilled lizards
  5 goblins
  5 kobolds (D:1)
  A kobold zombie (Ossuary)
  2 orc zombies (Ossuary)
  2 rats
67 creatures vanquished.

Notes
Turn   | Place    | Note
-------+----------+-------------------------------------------
     0 | D:1      | Ijustatesigmund the Octopode Venom Mage began the quest for
                  | the Orb.
     0 | D:1      | Reached XP level 1. HP: 11/11 MP: 3/3
   330 | D:1      | Reached XP level 2. HP: 18/18 MP: 3/5
   333 | D:1      | Learned a level 2 spell: Poisonous Vapours
   694 | D:1      | Reached skill level 1 in Fighting
   986 | D:1      | Reached skill level 4 in Poison Magic
   986 | D:1      | Reached XP level 3. HP: 22/23 MP: 3/6
  1024 | D:1      | Learned a level 3 spell: Mephitic Cloud
  2110 | D:2      | Reached skill level 1 in Conjurations
  2110 | D:2      | Reached skill level 1 in Air Magic
  2110 | D:2      | Reached XP level 4. HP: 22/28 MP: 4/7
  3756 | D:4      | Found a sand-covered staircase.
  3922 | D:4      | Noticed a bullfrog
  3929 | D:4      | Killed a bullfrog
  3930 | D:4      | Reached XP level 5. HP: 8/33 MP: 9/9
  3945 | Ossuary  | Entered an ossuary
  4033 | Ossuary  | Learned a level 4 spell: Olgreb's Toxic Radiance
  4080 | Ossuary  | Reached skill level 1 in Axes
  4080 | Ossuary  | Reached XP level 6. HP: 23/39 MP: 10/10
  4261 | Ossuary  | Slain by a mummy

Illustrated notes

Levels and vault maps discovered:
D:1:      psy_arrival_statuary, layout_basic
D:2:      layout_loops_ring
D:3:      layout_basic, minmay_misc_feat_tiny, lemuel_flame_loot_1
D:4:      layout_gridville, nicolae_ossuary_entry_false_entrances, serial_glass,
          glass_columns_a, glass_columns_a, glass_columns_a, minmay_cut_off
Ossuary:  ossuary_crypta

Skill      XL: |  1  2  3  4  5  6 |
---------------+-------------------+-----
Fighting       | 1 2 |  2.0
Poison Magic   | 4 |  4.7
Conjurations   | 1 |  1.9
Air Magic      | 1 2 |  2.0
Spellcasting   | 3 |  3.1
Axes           | 1 |  1.4
Dodging        | |  2.0
Stealth        | |  2.6
Transmutations | |  1.5

Action                     |  1- 3 |  4- 6 || total
---------------------------+-------+-------++-------
  Melee: Unarmed           |     8 |       ||     8
         Short sword       |    48 |       ||    48
         Tentacles         |    11 |     9 ||    20
         Constrict         |    16 |     9 ||    25
         War axe           |    44 |    47 ||    91
   Cast: Sting             |     6 |       ||     6
         Poisonous Vapours |    19 |    15 ||    34
    Use: Potion            |     1 |     2 ||     3
         Scroll            |       |     7 ||     7
   Stab: Sleeping          |     5 |     7 ||    12
 Armour: Skin              |    14 |     6 ||    20
  Dodge: Dodged            |    78 |    61 ||   139

Table legend: (Time is in decaauts)
 A = Elapsed time spent in this place.
 B = Non-inter-level travel time spent in this place.
 C = Inter-level travel time spent in this place.
 D = Time resting spent in this place.
 E = Time spent auto-exploring this place.
 F = Levels seen in this place.
 G = Mean time per level.
                   A        B        C        D        E       F      G
               +--------+--------+--------+--------+--------+-----+--------+
         Total |   4334 |   4277 |     57 |    864 |   2695 |   5 |  866.8 |
       Dungeon |   4003 |   3946 |     57 |    624 |   2657 |   4 | 1000.8 |
       Ossuary |    331 |    331 |      0 |    240 |     38 |   1 |  331.0 |
               +--------+--------+--------+--------+--------+-----+--------+

Top non-repeatable levels by time:
     D:1: 1933 daAuts
     D:3: 962 daAuts
     D:2: 898 daAuts
 Ossuary: 331 daAuts
     D:4: 209 daAuts
